 Dungeon Crawl Stone Soup version 0.31-b1-20-g67cafac56d (webtiles) character file.

Game seed: 12008291071089221186

20780 Kamelo the Fencer (level 12, -4/121 HPs)
             Began as a Minotaur Fighter on Jan 18, 2024.
             Was a Priest of Trog.
             Slain by a naga
             ... wielding a +0 battleaxe
              (6 damage)
             ... while petrified by a catoblepas
             ... on level 3 of the Lair of Beasts.
             The game lasted 00:33:20 (17678 turns).

Kamelo the Fencer (Minotaur Fighter)               Turns: 17678, Time: 00:33:21

Health: -4/121     AC: 16    Str: 22    XL:     12   Next: 48%
Magic:  11/11      EV: -1    Int:  5    God:    Trog [***...]
Gold:   1610       SH:  0    Dex: 14    Spells: 11/11 levels left

rFire   . . .        M - +4 long sword "Dragonbane" {freeze, rC+ rN++}
rCold   + + .        c - +0 buckler
rNeg    + + +        y - +2 chain mail {rC+}
rPois   ∞            (helmet restricted)
rElec   .            j - +1 cloak
rCorr   .            (no gloves)
SInv    +            B - +1 pair of boots
Will    .....        (no amulet) Stlth
                     e - ring of positive energy
HPRegen 0.40/turn    t - ring of see invisible
MPRegen 0.12/turn

%: no passive effects
@: petrified, constricted
A: horns 2, retaliatory headbutt
a: Renounce Religion, Berserk, Trog's Hand


You were on level 3 of the Lair of Beasts.
You worshipped Trog.
Trog was most pleased with you.
You visited 3 branches of the dungeon, and saw 15 of its levels.
You also visited: Ossuary.

You collected 1610 gold pieces.

Inventory:

Hand Weapons
 a - a +1 long sword
 M - the +4 long sword "Dragonbane" (weapon) {freeze, rC+ rN++}
   (You found it on level 11 of the Dungeon)

   rC+:       It protects you from cold.
   rN++:      It greatly protects you from negative energy.
Armour
 b - a +0 scale mail
 c - a +0 buckler (worn)
 j - a +1 cloak (worn)
 y - a +2 chain mail of cold resistance (worn)
 B - a +1 pair of boots (worn)
Jewellery
 e - a ring of positive energy (left hand)
 l - a ring of ice
 q - an amulet of faith
 t - a ring of see invisible (right hand)
 x - a ring of fire
 A - a ring of resist corrosion
 C - a ring of fire
 D - the amulet of Spring {Harm ^Fragile rF- Regen+ Stlth+}
   (You found it on level 2 of the Lair of Beasts)

   [amulet of regeneration]

   rF-:       It makes you vulnerable to fire.
   Regen+:    It increases your rate of health regeneration.
   ^Fragile:  It will be destroyed if unequipped.
   Harm:      It increases damage dealt and taken.
   Stlth+:    It makes you more stealthy.
 J - a ring of resist corrosion
Wands
 i - a wand of roots (7)
 v - a wand of digging (6)
 E - a wand of flame (14)
 G - a wand of light (3)
 K - a wand of polymorph (3)
 O - a wand of charming (8)
Scrolls
 k - a scroll of revelation
 o - a scroll of fog
 p - 2 scrolls of fear
 w - a scroll of vulnerability
 H - a scroll of enchant weapon
 L - 3 scrolls of summoning
 N - a scroll of enchant armour
Potions
 d - a potion of might
 f - 3 potions of haste
 g - 6 potions of attraction
 h - 2 potions of degeneration
 m - 4 potions of lignification
 n - 2 potions of resistance
 r - 3 potions of curing
 s - 2 potions of ambrosia
 u - 2 potions of cancellation
 z - a potion of berserk rage
 F - a potion of mutation {unknown}
 I - 4 potions of enlightenment


   Skills:
 * Level 15.5 Fighting
 * Level 16.3 Long Blades
 - Level 5.0 Armour
 + Level 8.0 Dodging
 - Level 7.0 Shields


You had 11 spell levels left.
You didn't know any spells.
Your spell library contained the following spells:

 Spells                   Type           Power      Damage    Failure   Level
 Ignite Poison            Fire/Alch      0%         N/A       100%        4
 Sticky Flame             Fire/Alch      0%         2d4       100%        4
 Ignition                 Fire           0%         3d3       100%        8


Dungeon Overview and Level Annotations

Branches:
Dungeon (11/15)            Temple (1/1) D:4            Lair (3/5) D:11
  Snake (0/4) Lair:3          Orc (0/2) D:9         Ossuary (visited)
  Swamp: Lair:2-3    Shoals: Lair:2-3

Altars:
Ashenzari
Cheibriados
Dithmenos
Elyvilon
Fedhas
Gozag
Hepliaklqana
Kikubaaqudgha
Makhleb
Nemelex Xobeh
Okawaru
Qazlal
Ru
Sif Muna
Trog
Uskayaw
Vehumet
Wu Jian
Xom
Yredelemnul
Zin
The Shining One
Jiyva

Shops:
D:5 :

Annotations:
D:10 2 transporters


Innate Abilities, Weirdness & Mutations

You have a pair of horns on your head.
You reflexively headbutt those who attack you in melee.


Message History

You block the splash of poison. You block the catoblepas's attack.
You hit the catoblepas but do no damage.
The catoblepas is heavily wounded.
The naga barely misses you. The naga grabs you. The naga constricts you.
The catoblepas breathes a plume of calcifying dust at you.
The blast of calcifying dust hits you!
You have turned to stone.
You are engulfed in calcifying dust.
The naga hits you with a +0 hand axe. The naga constricts you.
The catoblepas gores you!
You are engulfed in calcifying dust.
The naga spits poison at you.
The splash of poison hits you but does no damage.
You resist. The naga constricts you. The catoblepas gores you.
You are engulfed in calcifying dust.
The naga hits you with a +0 hand axe! The naga constricts you.
The catoblepas gores you!
You are engulfed in calcifying dust.
The naga hits you with a +0 hand axe! The naga constricts you.
The catoblepas gores you.
You are engulfed in calcifying dust.
The naga hits you but does no damage. The naga constricts you.
The catoblepas gores you!!
* * * LOW HITPOINT WARNING * * *
You are engulfed in calcifying dust.
The naga hits you with a +0 hand axe!
* * * LOW HITPOINT WARNING * * *
The naga constricts you.
* * * LOW HITPOINT WARNING * * *
The catoblepas breathes a plume of calcifying dust at you.
The blast of calcifying dust hits you but does no damage.
The naga spits poison at you.
The splash of poison hits you but does no damage.
You resist. The naga constricts you. The catoblepas gores you!!
* * * LOW HITPOINT WARNING * * *
The naga is no longer petrified.
The naga hits you with a +0 hand axe!
* * * LOW HITPOINT WARNING * * *
The naga constricts you.
The catoblepas gores you but does no damage.
The naga hits you but does no damage. The naga constricts you.
* * * LOW HITPOINT WARNING * * *
The catoblepas breathes a plume of calcifying dust at you.
The blast of calcifying dust hits you.
* * * LOW HITPOINT WARNING * * *
The naga hits you with a +0 battleaxe!
You die...

# #~#~~~~..≈≈≈≈≈≈~~~~~≈≈≈≈≈~ ###
~~~~≈≈..≈≈≈~~~~...~~~~≈≈≈
~~##~~~~~≈≈≈≈≈..~~~~..###....~~~≈
~~N~~≈≈≈≈≈≈≈~~..~...)####......~~
≈≈≈≈≈≈≈≈≈~~~~8..8....#..#........
≈≈≈≈≈~~~~~...8..8.......#........
~~~~~~...........................
#...............YN....##P###....#
#.............N@...###### ##.###
##..............§#### ###
.#..............§#
##P.............##
###...........#.# #
#.............##
####.............#
.###...##...###..## ....#.....###
##..##


You could see a catoblepas and 2 nagas.

Vanquished Creatures
  Josephine (Lair:3)
  Fannar (Lair:2)
  A hydra (Lair:1)
  A boulder beetle (D:11)
  3 two-headed ogres
  Amaemon (Lair:3)
  A deep elf pyromancer (D:9)
  A cyclops (D:10)
  A manticore (D:11)
  A black mamba (Lair:3)
  2 cane toads
  An orange demon (Lair:3)
  An unseen horror (D:11)
  An unseen horror zombie (D:8)
  7 komodo dragons
  A troll (D:9)
  5 blink frogs (Lair:1)
  A hornet (D:6)
  10 yaks (Lair:2)
  A wyvern (D:8)
  2 basilisks (Lair:1)
  3 wraiths
  4 steam dragons
  Edmund (D:6)
  An acid dragon (D:11)
  7 water moccasins
  2 sky beasts (D:7)
  2 black bears
  2 ice beasts
  4 orc warriors
  A hornet zombie (D:8)
  An ogre (D:5)
  5 centaurs
  17 wolves
  2 phantoms
  5 kobold brigands
  6 bullfrogs
  6 scorpions
  A gnoll sergeant (D:9)
  An elf zombie (Ossuary)
  5 wights (D:9)
  3 electric eels (D:11)
  3 howler monkeys
  2 vampire bats (D:3)
  A bombardier beetle (D:5)
  5 centaur zombies
  6 orc priests
  3 hounds (D:5)
  A sleepcap (D:5)
  3 human zombies (Ossuary)
  6 iguanas
  14 orc wizards
  2 killer bee zombies (D:8)
  5 hound zombies (Ossuary)
  2 mummies (Ossuary)
  A howler monkey zombie (D:8)
  9 gnolls
  10 adders
  A shadow imp (D:5)
  3 white imps
  7 ufetubi
  6 adder zombies (Ossuary)
  2 ribbon worms
  28 orcs
  4 bat skeletons (D:3)
  2 bat zombies (D:3)
  8 endoplasms
  3 giant cockroaches
  4 gnoll zombies (Ossuary)
  3 goblins
  4 hobgoblins
  4 jackals (D:2)
  24 kobolds
  9 quokkas
  8 ball pythons
  5 bats
  4 frilled lizards
  6 jackal zombies (Ossuary)
  3 kobold zombies (Ossuary)
  6 orc zombies (Ossuary)
  4 rats
344 creatures vanquished.

Vanquished Creatures (others)
  An ogre (D:6)
1 creature vanquished.

Grand Total: 345 creatures vanquished

Notes
Turn   | Place    | Note
-------+----------+-------------------------------------------
     0 | D:1      | Kamelo the Minotaur Fighter began the quest for the Orb.
     0 | D:1      | Reached XP level 1. HP: 19/19 MP: 0/0
   145 | D:1      | Reached skill level 3 in Long Blades
   190 | D:1      | Reached XP level 2. HP: 22/27 MP: 1/1
   701 | D:2      | Found a basalt altar of Yredelemnul.
   905 | D:2      | Reached XP level 3. HP: 33/33 MP: 2/2
   914 | D:2      | Reached skill level 4 in Long Blades
  1047 | D:2      | Reached XP level 4. HP: 41/41 MP: 3/3
  1593 | D:3      | Noticed an ogre
  1908 | D:3      | Reached skill level 5 in Long Blades
  1979 | D:3      | Identified the +0 robe of Restlessness {rF- rN++ Dex+3}
  2215 | D:3      | Found an ancient bone altar of Kikubaaqudgha.
  2217 | D:3      | Reached skill level 5 in Fighting
  2217 | D:3      | Reached XP level 5. HP: 48/48 MP: 4/4
  2581 | D:4      | Noticed a black bear
  2589 | D:4      | Killed a black bear
  2590 | D:4      | Reached skill level 6 in Long Blades
  2590 | D:4      | Reached XP level 6. HP: 38/57 MP: 5/5
  2878 | D:4      | Reached skill level 7 in Long Blades
  2985 | D:4      | Found a staircase to the Ecumenical Temple.
  2994 | Temple   | Entered the Ecumenical Temple
  3127 | D:4      | Reached XP level 7. HP: 46/63 MP: 6/6
  3219 | D:4      | Found an iron altar of Okawaru.
  3374 | D:5      | Entered Level 5 of the Dungeon
  3390 | D:5      | Found a sand-covered staircase.
  3395 | Ossuary  | Entered an ossuary
  3660 | Ossuary  | Reached skill level 8 in Long Blades
  3849 | D:5      | Reached skill level 9 in Long Blades
  3895 | D:5      | Reached XP level 8. HP: 57/73 MP: 7/7
  3963 | D:5      | Found a stormy altar of Qazlal.
  4544 | D:5      | Found an opulent altar of Gozag.
  4609 | D:5      | Found a glowing golden altar of the Shining One.
  4659 | D:5      | Found Bovuntosorgh's Book Boutique.
  4685 | D:5      | Reached skill level 10 in Long Blades
  4881 | D:5      | Found a glowing silver altar of Zin.
  4881 | D:5      | Found a hazy altar of Hepliaklqana.
  5513 | D:6      | Reached skill level 5 in Armour
  5602 | D:6      | Reached skill level 1 in Dodging
  5707 | D:6      | Found a shimmering altar of Xom.
  5757 | D:6      | Reached XP level 9. HP: 75/83 MP: 8/8
  5870 | D:6      | Found a snail-covered altar of Cheibriados.
  6318 | D:6      | Noticed Edmund
  6328 | D:6      | Killed Edmund
  6329 | D:6      | Reached skill level 11 in Long Blades
  6554 | D:6      | Paralysed by a hornet for 3 turns
  6559 | D:6      | Paralysed by a hornet for 2 turns
  6594 | D:6      | Reached skill level 10 in Fighting
  7243 | D:7      | Found an ornate altar of the Wu Jian Council.
  8087 | D:7      | Reached skill level 12 in Long Blades
  8837 | D:8      | Noticed a two-headed ogre
  8852 | D:8      | Killed a two-headed ogre
  8853 | D:8      | Reached XP level 10. HP: 86/96 MP: 9/9
  9329 | D:8      | Found a basalt altar of Yredelemnul.
 10122 | D:9      | Found a bloodstained altar of Trog.
 10130 | D:9      | Reached skill level 13 in Long Blades
 10137 | D:9      | Became a worshipper of Trog the Wrathful
 10408 | D:9      | Reached skill level 5 in Dodging
 10779 | D:9      | Noticed a deep elf pyromancer
 10783 | D:9      | Killed a deep elf pyromancer
 10840 | D:9      | Found a staircase to the Orcish Mines.
 10849 | D:9      | Found a shimmering blue altar of Sif Muna.
 10918 | D:10     | Entered Level 10 of the Dungeon
 10988 | D:10     | Found a blossoming altar of Fedhas.
 11036 | D:10     | Reached * piety under Trog
 11081 | D:10     | Found a hide-covered altar of Uskayaw.
 11100 | D:10     | Noticed a two-headed ogre
 11483 | D:10     | Noticed a cyclops
 11494 | D:10     | Killed a cyclops
 11629 | D:10     | Killed a two-headed ogre
 11760 | D:10     | Found a burning altar of Makhleb.
 11775 | D:10     | Reached skill level 14 in Long Blades
 11783 | D:10     | Reached XP level 11. HP: 49/106 MP: 10/10
 12246 | D:10     | Found a transporter.
 12250 | D:10     | Noticed a great orb of eyes
 12251 | D:10     | Found a transporter.
 12251 | D:10     | Found a viscous altar of Jiyva.
 12770 | D:11     | Noticed a boulder beetle
 13233 | D:11     | Reached skill level 5 in Shields
 13236 | D:11     | Identified the +4 long sword "Dragonbane" {freeze, rC+
                  | rN++}
 13466 | D:11     | Noticed a two-headed ogre
 13475 | D:11     | Killed a two-headed ogre
 13774 | D:11     | Found a staircase to the Lair.
 13882 | D:11     | Killed a boulder beetle
 13882 | D:11     | Reached ** piety under Trog
 14189 | Lair:1   | Entered Level 1 of the Lair of Beasts
 14684 | Lair:1   | Reached skill level 15 in Long Blades
 14863 | Lair:1   | Noticed a five-headed hydra
 14934 | Lair:1   | Killed a nine-headed hydra
 15277 | Lair:1   | Identified a scroll of acquirement
 15277 | Lair:1   | Acquired 751 gold pieces
 15358 | Lair:2   | Noticed Fannar
 15417 | Lair:2   | Killed Fannar
 15631 | Lair:2   | Identified the amulet of Spring {Harm ^Fragile rF- Regen+
                  | Stlth+}
 15726 | Lair:2   | Reached XP level 12. HP: 116/118 MP: 11/11
 16836 | Lair:3   | Noticed Josephine
 16873 | Lair:3   | Found a staircase to the Snake Pit.
 16922 | Lair:3   | Reached skill level 15 in Fighting
 16937 | Lair:3   | Noticed Amaemon
 16958 | Lair:3   | Reached *** piety under Trog
 16975 | Lair:3   | Killed Amaemon
 16976 | Lair:3   | Reached skill level 16 in Long Blades
 17053 | Lair:3   | Killed Josephine
 17634 | Lair:3   | Noticed a catoblepas
 17677 | Lair:3   | HP: 4/121 [naga/+0 hand axe (6)]
 17678 | Lair:3   | Slain by a naga

Illustrated notes

Levels and vault maps discovered:
D:1:      minmay_arrival_stair_chambers, layout_rooms
D:2:      layout_basic, basic_altar
D:3:      layout_basic, kennysheep_vampire_church
D:4:      layout_basic, lemuel_doored_altar, minmay_temple_entry_large_hall
D:5:      minmay_diamond_boxcup, layout_basic, grunt_qazlal_clouds,
          grunt_gozag_statues, mainiacjoe_overflow_concentric_impassable,
          gammafunk_temple_overflow_elements, serial_shops, shop,
          enter_ossuary_2
D:6:      layout_loops_ring, chei_slow_surprise, xom_confusion_cloud,
          kennysheep_generic_room_13, uniq_edmund
D:7:      layout_loops_corners, nzn_wu_jian_contemplation
D:8:      layout_layer_cave, nicolae_yredelemnul_corpse_copse
D:9:      layout_basic, trog_three_pillars_becter, led_sif_book, serial_glass,
          glass_columns_b, glass_columns_a, glass_columns_a, glass_columns_a,
          nicolae_zig_zag_zippers
D:10:     gammafunk_jiyva_shrine, layout_basic, amcnicky_altar_gilded,
          mainiacjoe_overflow_24_doors, lemuel_coloured_pillars_altar
D:11:     nicolae_moon_pools, layout_gridville, david_lair_shrubbed,
          minmay_rotating_lava
Temple:   nicolae_temple_bog_church
Lair:1:   layout_hall_layers, grunt_megastairs_2, infiniplex_staircase_pool_2
Lair:2:   layout_cave_pods, minivault_24, fungi_pond_lemuel, uniq_fannar
Lair:3:   wander_river, layout_cave_pods, elwin_shoals_entry_rocks,
          minmay_snake_entry_guardpost_small, uniq_josephine, uniq_amaemon

Skill      XL: |  1  2  3  4  5  6  7  8  9 10 11 12 |
---------------+-------------------------------------+-----
Long Blades    | 3 4 5 6 7 9 10 12 14 15 16 | 16.3
Fighting       | 4 5 6 7 9 11 12 14 15 | 15.5
Shields        | 4 6 7 |  7.0
Armour         | 5 |  5.0
Dodging        | 1 4 5 7 8 |  8.0

Action                     |  1- 3 |  4- 6 |  7- 9 | 10-12 || total
---------------------------+-------+-------+-------+-------++-------
  Melee: Long sword        |    96 |   124 |   456 |   594 ||  1270
         Headbutt          |     9 |    17 |    91 |   149 ||   266
  Throw: Throwing net      |       |       |       |     1 ||     1
 Invoke: Berserk           |       |       |       |     1 ||     1
    Use: Scroll            |     2 |     5 |    11 |     7 ||    25
         Potion            |       |       |     5 |     2 ||     7
 Armour: Scale mail        |    75 |    91 |   316 |       ||   482
         Chain mail        |       |       |    18 |   527 ||   545
  Dodge: Dodged            |    60 |    65 |   172 |   247 ||   544
  Block: Buckler           |    23 |    31 |    84 |   141 ||   279
